[ AOE2 MATCH · #487889945 ]
UnrankedTeutons vs Gurjaras
[ REPLAY ANALYSIS · EXTRACTED FROM THE RECORDED GAME ]
Feudal
—
Castle
—
Imperial
—
| APM avg | 1.6 |
| APM peak | 2 |
| eAPM avg | 1.6 |
| Villagers / military | 0 / 0 |
Feudal
—
Castle
—
Imperial
—
| APM avg | 22.4 |
| APM peak | 34 |
| eAPM avg | 9.3 |
| Villagers / military | 5 / 0 |
Focus
⚔️ 0.0% · 🌾 100.0%
Feudal
—
Castle
—
Imperial
—
| APM avg | 15.3 |
| APM peak | 20 |
| eAPM avg | 9.3 |
| Villagers / military | 6 / 0 |
Focus
⚔️ 0.0% · 🌾 100.0%
Feudal
—
Castle
—
Imperial
—
| APM avg | 18.0 |
| APM peak | 27 |
| eAPM avg | 7.6 |
| Villagers / military | 6 / 0 |
Focus
⚔️ 0.0% · 🌾 100.0%
Feudal
—
Castle
—
Imperial
—
| APM avg | 13.1 |
| APM peak | 23 |
| eAPM avg | 6.6 |
| Villagers / military | 5 / 0 |
Focus
⚔️ 0.0% · 🌾 100.0%
Feudal
—
Castle
—
Imperial
—
| APM avg | 22.9 |
| APM peak | 36 |
| eAPM avg | 15.8 |
| Villagers / military | 8 / 0 |
Focus
⚔️ 22.7% · 🌾 77.3%
Feudal
—
Castle
—
Imperial
—
| APM avg | 23.5 |
| APM peak | 39 |
| eAPM avg | 14.2 |
| Villagers / military | 11 / 0 |
Focus
⚔️ 30.4% · 🌾 69.6%
Feudal
—
Castle
—
Imperial
—
| APM avg | 19.7 |
| APM peak | 19 |
| eAPM avg | 9.3 |
| Villagers / military | 6 / 0 |
Focus
⚔️ 7.7% · 🌾 92.3%
Match map
Initial resources + every placement click. Lines = walls · curves = elevation contours. ◆ gold · ⬟ stone · ● berries · ✦ relic · ◌ wall gap
Your base
Jum's base
tatomagallanes's base
GuilleLeopold17's base
mgaitaniella's base
felipegarcia92's base
kappael02's base
vitavidal91's base
Smoothed initial terrain · ◌ = detected wall gap · hover for details
Inputs per minute
— Conqueeftador - - Jum
Build order — Conqueeftador
0 actions detected in the replay
Build order — Jum
7 actions detected in the replay
| 0:00 | Queue | Villager (Male) |
| 0:01 | Queue | Villager (Male) |
| 0:01 | Queue | Villager (Male) |
| 0:03 | Build | House |
| 0:05 | Build | House |
| 0:15 | Queue | Villager (Male) |
| 1:14 | Queue | Villager (Male) |
Build order — tatomagallanes
8 actions detected in the replay
| 0:01 | Queue | Villager (Male) |
| 0:02 | Queue | Villager (Male) |
| 0:02 | Queue | Villager (Male) |
| 0:02 | Queue | Villager (Male) |
| 0:03 | Queue | Villager (Male) |
| 0:06 | Build | House |
| 0:13 | Build | House |
| 1:41 | Queue | Villager (Male) |
Build order — GuilleLeopold17
8 actions detected in the replay
| 0:03 | Queue | Villager (Male) |
| 0:03 | Queue | Villager (Male) |
| 0:03 | Queue | Villager (Male) |
| 0:04 | Queue | Villager (Male) |
| 0:05 | Build | House |
| 0:07 | Build | House |
| 1:30 | Queue | Villager (Male) |
| 1:31 | Queue | Villager (Male) |
Build order — mgaitaniella
6 actions detected in the replay
| 0:03 | Queue | Villager (Male) |
| 0:04 | Research | Loom |
| 0:04 | Queue | Villager (Male) |
| 0:04 | Queue | Villager (Male) |
| 0:16 | Queue | Villager (Male) |
| 0:16 | Queue | Villager (Male) |
Build order — felipegarcia92
13 actions detected in the replay
| 0:01 | Queue | Villager (Male) |
| 0:02 | Queue | Villager (Male) |
| 0:02 | Queue | Villager (Male) |
| 0:02 | Queue | Villager (Male) |
| 0:02 | Queue | Villager (Male) |
| 0:04 | Build | House |
| 0:05 | Build | House |
| 0:45 | Research | Loom |
| 0:45 | Research | Loom |
| 0:46 | Queue | Villager (Male) |
| 0:47 | Queue | Villager (Male) |
| 0:47 | Queue | Villager (Male) |
| 1:20 | Build | Palisade Wall |
Build order — kappael02
15 actions detected in the replay
| 0:02 | Build | House |
| 0:04 | Build | House |
| 0:05 | Queue | Villager (Male) |
| 0:05 | Queue | Villager (Male) |
| 0:05 | Queue | Villager (Male) |
| 0:05 | Queue | Villager (Male) |
| 0:06 | Queue | Villager (Male) |
| 0:06 | Queue | Villager (Male) |
| 0:06 | Research | Loom |
| 0:11 | Queue | Villager (Male) |
| 0:11 | Queue | Villager (Male) |
| 0:11 | Queue | Villager (Male) |
| 0:11 | Queue | Villager (Male) |
| 0:12 | Queue | Villager (Male) |
| 1:07 | Build | Palisade Wall |
Build order — vitavidal91
9 actions detected in the replay
| 0:01 | Queue | Villager (Male) |
| 0:01 | Queue | Villager (Male) |
| 0:03 | Build | House |
| 0:04 | Build | House |
| 0:05 | Queue | Villager (Male) |
| 0:05 | Queue | Villager (Male) |
| 1:32 | Build | Palisade Wall |
| 1:49 | Queue | Villager (Male) |
| 1:49 | Queue | Villager (Male) |
Match timeline
| 1:07 | kappael02 · wall_segment Palisade Wall x20 |
| 1:20 | felipegarcia92 · wall_segment Palisade Wall x6 |
| 1:21 | Conqueeftador · resign |
| 1:32 | vitavidal91 · wall_segment Palisade Wall x11 |
[ AI ANALYSIS · 1 CREDIT ]
What really happened in this match?
Wolo.gg analyzes every decision: build order, eco, micro, common mistakes by bracket. Personalized analysis on WhatsApp or Discord in 30 seconds.
Civ guide
Teutons
Perfil
Jugador #24739706